 Dungeon Crawl Stone Soup version 0.29.1-15-g9cfb28693d (webtiles) character file.

Game seed: 633632745524194645

87 boopmooplesden the Chopper (level 4, -8/41 HPs)
             Began as a Minotaur Berserker on Mar 13, 2023.
             Was a Believer of Trog.
             Blown up by Ijyb (17 damage)
             ... with a mindburst bolt
             ... on level 4 of the Dungeon.
             The game lasted 00:02:52 (3253 turns).

boopmooplesden the Chopper (Minotaur Berserker)     Turns: 3253, Time: 00:02:52

Health: -8/41      AC:  3    Str: 24    XL:     4   Next: 28%
Magic:  3/3        EV: 12    Int:  4    God:    Trog [**....]
Gold:   158        SH:  0    Dex:  9    Spells: 3/3 levels left

rFire   . . .      SeeInvis .   a - +0 hand axe
rCold   . . .      Faith    .   (no shield)
rNeg    . . .      Spirit   .   f - +0 leather armour
rPois   .          Reflect  .   (helmet restricted)
rElec   .          Harm     .   (no cloak)
rCorr   .          Rampage  .   (no gloves)
Will    .....                   (no boots)
Stlth   +.........              (no amulet)
HPRegen 0.13/turn               (no ring)
MPRegen 0.08/turn               (no ring)

@: no status effects
A: horns 2, retaliatory headbutt
a: Renounce Religion, Berserk, Trog's Hand


You were on level 4 of the Dungeon.
You worshipped Trog.
Trog was pleased with you.
You visited 1 branch of the dungeon, and saw 4 of its levels.

You collected 158 gold pieces.

Inventory:

Hand Weapons
 a - a +0 hand axe (weapon)
Armour
 b - a +1 scale mail
 f - a +0 leather armour (worn)
Jewellery
 c - an amulet of faith
 g - an amulet of guardian spirit
Scrolls
 d - a scroll of amnesia
 e - a scroll of poison
 h - a scroll of identify
 k - 3 scrolls of blinking
Potions
 i - a potion of attraction {unknown}
 j - 4 potions of curing {unknown}
 m - a potion of resistance {unknown}
 n - a potion of ambrosia {unknown}
 p - a potion of haste {unknown}


   Skills:
 + Level 4.5 Fighting
 + Level 4.9 Axes
 + Level 2.8 Armour
 + Level 2.6 Dodging
 + Level 0.4 Stealth


You had 3 spell levels left.
You didn't know any spells.
Your spell library was empty.

Dungeon Overview and Level Annotations

Branches:
Dungeon (4/15)
 Temple: D:4-7

Altars:
Cheibriados
The Shining One

Annotations:
D:4 Ijyb


Innate Abilities, Weirdness & Mutations

You have a pair of horns on your head.
You reflexively headbutt those who attack you in melee.


Message History

Trog accepts your kill.
Things that are here:
a +0 club; a goblin corpse
Things that are here:
a +0 club; a goblin corpse You see here a book of Transfigurations.
You see here a jackal skeleton.
Found a robe.
You see here a +0 robe.
Done exploring.
Done exploring.
Done exploring.
Okay, then.
(D) Dungeon
Where to? (Enter - D:3, ? - help)
What level of the Dungeon? (default 1, ? - help)
There is a stone staircase leading down here.
You climb downwards.
Ijyb shouts!
The ball python hisses angrily.
Found a scale mail and a scroll of poison.
There is a stone staircase leading up here.
There are monsters nearby!
Ijyb zaps a wand.
Your mind is blasted!
You hit the ball python. You headbutt the ball python.
You kill the ball python!
Trog accepts your kill.
Ijyb zaps a wand.
Your mind is blasted!
You see here a ball python corpse.
Ijyb is nearby!
You hit Ijyb. You headbutt Ijyb, but do no damage.
Ijyb is moderately wounded.
Ijyb closely misses you.
You hit Ijyb but do no damage. You headbutt Ijyb.
Ijyb is heavily wounded.
Ijyb zaps a wand.
Your mind is blasted!
* * * LOW HITPOINT WARNING * * *
You barely miss Ijyb.
Ijyb is heavily wounded.
Ijyb zaps a wand.
Your mind is blasted!
You die...

##. .....## ..
......# #..
##.##..?..###...
##........^......
...............
.............
#g......##
##@......#
#...†....#
#.....<..#
#.##.#...#
#....#....#
#....#...[..
#...##.....###
#... ##...## #
#... ..##


You could see Ijyb.

Vanquished Creatures
  An adder (D:2)
  A worm (D:3)
  3 dart slugs (D:1)
  8 bats
  7 endoplasms
  2 giant cockroaches (D:1)
  8 goblins
  4 hobgoblins (D:1)
  4 jackals (D:3)
  3 kobolds (D:1)
  3 quokkas
  9 ball pythons
  4 frilled lizards
  5 rats
62 creatures vanquished.

Vanquished Creatures (others)
  A ball python (D:1)
1 creature vanquished.

Grand Total: 63 creatures vanquished

Notes
Turn   | Place    | Note
-------+----------+-------------------------------------------
     0 | D:1      | boopmooplesden the Minotaur Berserker began the quest for
                  | the Orb.
     0 | D:1      | Reached XP level 1. HP: 19/19 MP: 0/0
    72 | D:1      | Found a faded altar of an unknown god.
    89 | D:1      | Reached XP level 2. HP: 5/27 MP: 1/1
   583 | D:1      | HP: 1/27 [frozen (1)]
   585 | D:1      | Reached XP level 3. HP: 2/33 MP: 2/2
  1157 | D:1      | Reached ** piety under Trog
  2144 | D:2      | Reached XP level 4. HP: 39/41 MP: 3/3
  2567 | D:3      | Found a snail-covered altar of Cheibriados.
  2995 | D:3      | Found a glowing golden altar of the Shining One.
  3245 | D:4      | Noticed Ijyb
  3253 | D:4      | Blown up by Ijyb

Illustrated notes

Levels and vault maps discovered:
D:1:      amcnicky_arrival_choice, layout_loops_cross,
          hellmonk_ecumenical_altar_slurped_away, minmay_misc_feat_encased,
          st_stairs_10, minmay_3d_cube
D:2:      layout_basic, st_stairs_6
D:3:      layout_loops_cross, lemuel_coloured_pillars_altar,
          mainiacjoe_overflow_tiny_flanked
D:4:      layout_cave_pools, kennysheep_little_box, gammafunk_ghost_stat_death,
          nrook_uturn, chequers_big_river, uniq_natasha, uniq_ijyb

Skill      XL: |  1  2 |
---------------+-------+-----
Fighting       | 4 |  4.5
Axes           | 4 |  4.9
Armour         | |  2.8
Dodging        | |  2.6
Stealth        | |  0.4

Action                   |  1- 3 |  4- 6 || total
-------------------------+-------+-------++-------
Melee: Hand axe          |    96 |    34 ||   130
       Headbutt          |     9 |     6 ||    15
  Use: Scroll            |       |     7 ||     7
Armor: Animal skin       |     4 |       ||     4
       Leather armour    |    32 |     5 ||    37
Dodge: Dodged            |    81 |    27 ||   108
